 Dungeon Crawl Stone Soup version 0.30-a0-883-g5ad918d77d (webtiles) character file.

Game seed: 5806647152673069040

106 gelatine the Chopper (level 4, -3/33 HPs)
             Began as a Demonspawn Gladiator on Mar 18, 2023.
             Slain by an ogre
             ... wielding a +0 giant club
              (16 damage)
             ... on level 3 of the Dungeon.
             The game lasted 00:05:36 (1536 turns).

gelatine the Chopper (Demonspawn Gladiator)         Turns: 1536, Time: 00:05:37

Health: -3/33      AC:  5    Str: 13 (16) XL:     4   Next: 55%
Magic:  4/4        EV: 12    Int: 10 (12) God:
Gold:   203        SH:  0    Dex: 12 (14) Spells: 3/3 levels left

rFire   . . .      SeeInvis .    a - +0 war axe
rCold   . . .      Faith    .    (no shield)
rNeg    . . .      Spirit   .    b - +0 leather armour
rPois   .          Reflect  .    c - +0 helmet
rElec   .          Rampage  .    f - +0 cloak
rCorr   .                        (no gloves)
Will    .....                    (no boots)
Stlth   +                        (no amulet)
HPRegen 0.25/turn                (no ring)
MPRegen 0.18/turn                (no ring)

@: no status effects
A: magic regeneration, big brain 1
a: no special abilities


You were on level 3 of the Dungeon.
You visited 1 branch of the dungeon, and saw 3 of its levels.

You collected 203 gold pieces.

Inventory:

Hand Weapons
 a - a +0 war axe (weapon)
Armour
 b - a +0 leather armour (worn)
 c - a +0 helmet (worn)
 f - a +0 cloak (worn)
Jewellery
 l - a ring of protection from cold
Scrolls
 d - a scroll of vulnerability {unknown}
 h - 2 scrolls of amnesia {unknown}
 n - a scroll of identify {unknown}
Potions
 k - 2 potions of curing
 m - a potion of lignification {unknown}
 o - a potion of mutation {unknown}


   Skills:
 * Level 2.3 Fighting
 * Level 3.6 Axes
 * Level 2.5 Throwing
 * Level 1.1 Armour
 * Level 3.0 Dodging
 * Level 0.4 Stealth
 * Level 0.4 Spellcasting


You had 3 spell levels left.
You didn't know any spells.
Your spell library contained the following spells:

 Spells                   Type           Power      Damage    Failure   Level
 Apportation              Tloc           0%         N/A       43%         1
 Necrotise                Necr           0%         1d4       43%         1
 Summon Small Mammal      Summ           0%         N/A       43%         1


Dungeon Overview and Level Annotations

Branches:
Dungeon (3/15)

Altars:


Innate Abilities, Weirdness & Mutations

You regenerate magic rapidly.
You have an unusually large brain. (Int +2)


Message History

The ogre shouts!
You hit the orc priest.
The orc priest is lightly wounded.
An orc comes into view. It is wielding a +3 hand axe.
The orc priest hits you with a +0 mace. The orc priest closely misses you.
You hit the orc priest.
The orc priest is heavily wounded.
The orc priest looks satisfied for a moment.
You hit the orc priest.
The orc priest is almost dead.
You hit the orc priest.
You kill the orc priest!
You hit something.
The orc hits you from afar with a +0 trident.
Something hits you.
You hear some strange, mumbled words.
You are confused.
The ogre hits you with a +0 giant club!!
Ouch! That really hurt!
* * * LOW HITPOINT WARNING * * *
The orc barely misses you.
Your Dodging skill increases to level 3!
It was a potion of degeneration.
There was something very wrong with that liquid.
You feel weakened.
You feel dopey.
You feel clumsy. The orc closely misses you. Something hits you.
* * * LOW HITPOINT WARNING * * *
It was a potion of cancellation.
Your magical effects are unravelling.
You feel magically purged.
You feel less confused. The ogre closely misses you.
A worm comes into view.
You hear some strange, mumbled words.
Something tries to affect you, but you resist.
The orc barely misses you.
It was a potion of curing.
You feel better. The orc completely misses you.
Something hits you but does no damage. The orc closely misses you.
The ogre hits you with a +0 giant club!
You die...

###..####..♣# #♣..#.
....####....♣♣♣.....
...................#
###.........#......#
#...###....#...#.###
..##.........##..# .
##.###.#.###..##
####..# ..#.# ..#
#..o@.# .##..#.#
#...O...# #.#.
#...o..## . #†.....#
..(.(...# #####.####
#. .w


You could see an ogre, a worm (wandering) and 2 orcs.

Vanquished Creatures
  An orc priest (D:3)
  An adder (D:2)
  2 worms (D:2)
  2 dart slugs
  7 endoplasms
  5 giant cockroaches
  5 goblins
  8 hobgoblins
  3 jackals (D:1)
  5 kobolds (D:1)
  A quokka (D:2)
  3 ball pythons
  4 bats
  A frilled lizard (D:1)
  2 rats (D:1)
50 creatures vanquished.

Notes
Turn   | Place    | Note
-------+----------+-------------------------------------------
     0 | D:1      | gelatine the Demonspawn Gladiator began the quest for the
                  | Orb.
     0 | D:1      | Reached XP level 1. HP: 16/16 MP: 1/1
   115 | D:1      | Gained mutation: You have an unusually large brain. (Int
                  | +2) [demonic ancestry]
   115 | D:1      | Reached XP level 2. HP: 15/22 MP: 2/2
   315 | D:1      | Reached XP level 3. HP: 27/27 MP: 3/3
  1167 | D:2      | Reached skill level 1 in Armour
  1304 | D:2      | Gained mutation: You regenerate magic rapidly. [demonic
                  | ancestry]
  1304 | D:2      | Reached XP level 4. HP: 22/33 MP: 4/4
  1529 | D:3      | Noticed an ogre
  1536 | D:3      | Slain by an ogre

Illustrated notes

Levels and vault maps discovered:
D:1:      amcnicky_arrival_single_pillar, layout_basic, serial_glass,
          glass_columns_b, glass_columns_c, minmay_statues_item
D:2:      layout_basic, hangedman_feature_mirror
D:3:      layout_rooms, minmay_stone_trees_small

Skill      XL: |  1  2  3  4 |
---------------+-------------+-----
Axes           | 3 |  3.6
Throwing       | 2 |  2.5
Armour         | 1 |  1.1
Dodging        | 3 |  3.0
Fighting       | |  2.3
Stealth        | |  0.4
Spellcasting   | |  0.4

Action                     |  1- 3 |  4- 6 || total
---------------------------+-------+-------++-------
  Melee: War axe           |    97 |     5 ||   102
         Punch             |     2 |       ||     2
  Throw: Throwing net      |     4 |       ||     4
         Javelin           |    14 |     2 ||    16
         Dart              |    22 |     2 ||    24
         Stone             |       |     3 ||     3
    Use: Potion            |       |     3 ||     3
   Stab: Distracted        |     1 |       ||     1
 Armour: Leather armour    |    28 |     1 ||    29
  Dodge: Dodged            |    73 |     8 ||    81

Table legend: (Time is in decaauts)
 A = Elapsed time spent in this place.
 B = Non-inter-level travel time spent in this place.
 C = Inter-level travel time spent in this place.
 D = Time resting spent in this place.
 E = Time spent auto-exploring this place.
 F = Levels seen in this place.
 G = Mean time per level.
                   A        B        C        D        E       F      G
               +--------+--------+--------+--------+--------+-----+--------+
         Total |   1573 |   1551 |     22 |      0 |   1138 |   3 |  524.3 |
       Dungeon |   1573 |   1551 |     22 |      0 |   1138 |   3 |  524.3 |
               +--------+--------+--------+--------+--------+-----+--------+

Top non-repeatable levels by time:
     D:2: 771 daAuts
     D:1: 719 daAuts
     D:3: 82 daAuts
